 Dungeon Crawl Stone Soup version 0.23-a0-106-g63f3d0b (webtiles) character file.

54 galech the Skirmisher (level 3, -9/43 HPs)
             Began as a Demonspawn Berserker on Aug 20, 2018.
             Was a Follower of Trog.
             Splashed by Ijyb's acid (14 damage)
             ... on level 3 of the Dungeon.
             The game lasted 00:02:52 (1880 turns).

galech the Skirmisher (Demonspawn Berserker)        Turns: 1880, Time: 00:02:53

Health: -9/43      AC:  2    Str: 22    XL:     3   Next: 66%
Magic:  0/3        EV: 11    Int:  8    God:    Trog [*.....]
Gold:   106        SH:  0    Dex: 13    Spells: 2/2 levels left

rFire    x . .     SeeInvis .   a - +0 hand axe
rCold    + . .     Gourm    .   (no shield)
rNeg     . . .     Faith    .   g - +0 ring mail
rPois    .         Spirit   +   i - +0 helmet (curse)
rElec    .         Reflect  .   (no cloak)
rCorr    .         Harm     .   (no gloves)
MR       .....                  (no boots)
Stlth    ..........             n - amulet of magic regeneration
HPRegen  0.14/turn              k - ring of ice
MPRegen  0.33/turn              (no ring)

@: berserking, corroded, drained, very quick
A: spiny 1, magic shield
a: Berserk, Renounce Religion


You were on level 3 of the Dungeon.
You worshipped Trog.
Trog was aware of your devotion.
You were hungry.

You visited 1 branch of the dungeon, and saw 3 of its levels.

You collected 106 gold pieces.

Inventory:

Hand Weapons
 a - a +0 hand axe (weapon)
Armour
 g - a +0 ring mail (worn)
 i - a cursed +0 helmet (worn)
Jewellery
 j - an uncursed amulet of faith
 k - a ring of ice (left hand)
 n - an amulet of magic regeneration (around neck)
Scrolls
 e - 3 scrolls of identify {unknown}
 f - 2 scrolls of enchant armour {unknown}
 h - a scroll of magic mapping {unknown}
 l - a scroll of remove curse {unknown}
 m - 2 scrolls of teleportation {unknown}
 o - a scroll of enchant weapon {unknown}
 r - a scroll of amnesia {unknown}
Potions
 b - a potion of heal wounds {unknown}
 d - a potion of flight {unknown}
 p - a potion of haste {unknown}
Comestibles
 c - 5 rations


   Skills:
 + Level 3.5 Fighting
 + Level 3.3(3.2) Axes
 + Level 2.3 Armour
 + Level 2.0 Dodging
 + Level 0.1 Stealth


You had 2 spell levels left.
You didn't know any spells.
Your spell library was empty.

Dungeon Overview and Level Annotations

Branches:
Dungeon (3/15)

Altars:

Annotations:
D:3 Ijyb


Innate Abilities, Weirdness & Mutations

You are partially covered in sharp spines.
When hurt, damage is shared between your health and your magic reserves.


Message History

You hit Ijyb but do no damage.
Ijyb is moderately wounded.
Ijyb barely misses you.
You hit Ijyb.
Ijyb is heavily wounded.
You hit Ijyb.
Ijyb is severely wounded.
Ijyb barely misses you.
You closely miss Ijyb.
Ijyb is severely wounded.
Ijyb zaps a wand.
The bolt of acid misses you.
You closely miss Ijyb.
Ijyb is severely wounded.
Ijyb barely misses you.
You hit Ijyb.
Ijyb is almost dead.
Ijyb zaps a wand.
The bolt of acid hits you!
* * * LOW HITPOINT WARNING * * *
You are splashed with acid!
The acid burns!
You die...

### ..# #.#
#.# # #.#
#.#####.####
#..<((..†..#
#######.##@#
#.##g#
#.##.#
#.##.#
#....#
####.# #.#
#.#


You could see Ijyb.

Vanquished Creatures
  An adder (D:2)
  An ooze (D:1)
  A worm (D:2)
  5 giant cockroaches
  4 goblins (D:2)
  6 hobgoblins
  5 kobolds
  A quokka (D:2)
  2 bats
  A frilled lizard (D:1)
  8 rats
35 creatures vanquished.

Notes
Turn   | Place    | Note
-------+----------+-------------------------------------------
     0 | D:1      | galech the Demonspawn Berserker began the quest for the Orb.
     0 | D:1      | Reached XP level 1. HP: 18/18 MP: 1/1
   260 | D:1      | Gained mutation: You are partially covered in sharp spines. [demonic ancestry]
   260 | D:1      | Reached XP level 2. HP: 17/24 MP: 2/2
  1070 | D:2      | Reached * piety under Trog
  1078 | D:2      | Gained mutation: When hurt, damage is shared between your health and your magic reserves. [demonic ancestry]
  1078 | D:2      | Reached XP level 3. HP: 25/29 MP: 3/3
  1866 | D:3      | Noticed Ijyb
  1880 | D:3      | Splashed by Ijyb's acid

Vault maps used:
D:1:      lemuel_arrival_tunnels, corexii_item_surrounded_by_moat,
          serial_park_tiny_pond
D:3:      columned_hall_lemuel, minmay_stone_trees_small,
          minmay_misc_feat_square, uniq_ijyb

Skill      XL: |  1  2  3 |
---------------+----------+-----
Axes           | 3 |  3.3
Armour         | 2 |  2.3
Dodging        | 2 |  2.0
Fighting       | |  3.5
Stealth        | |  0.1

Action                   || total
-------------------------++-------
Melee: Hand axe          ||    91
Invok: Berserk           ||     1
  Eat: Chunk             ||     3
Armor: Ring mail         ||    14
Dodge: Dodged            ||    62

Table legend:
 A = Non-vault XP
 B = Vault XP
 C = Vault XP percentage of total XP
 D = Non-vault monster count
 E = Vault monster count
 F = Vault count percentage of total count
                 A         B        C        D         E       F
            +---------+---------+-------+---------+---------+-------
      Total |      78 |       0 |   0.0 |      35 |       0 |   0.0
            +---------+---------+-------+---------+---------+-------
        D:1 |      29 |       0 |   0.0 |      16 |       0 |   0.0
        D:2 |      48 |       0 |   0.0 |      18 |       0 |   0.0
        D:3 |       1 |       0 |   0.0 |       1 |       0 |   0.0
            +---------+---------+-------+---------+---------+-------
